 Dungeon Crawl Stone Soup version 0.31-a0-188-g5e087ee2ca (webtiles) character file.

Game seed: 11891445572249518700

48 qw the Shooter (level 3, -6/20 HPs)
             Began as a Deep Elf Hunter on June 23, 2023.
             Mangled by Sigmund
             ... wielding a +0 scythe
              (8 damage)
             ... on level 2 of the Dungeon.
             The game lasted 00:00:19 (903 turns).

qw the Shooter (Deep Elf Hunter)                     Turns: 903, Time: 00:00:19

Health: -6/20      AC:  5    Str: 10    XL:     3   Next: 50%
Magic:  5/5        EV: 11    Int: 13    God:
Gold:   82         SH:  0    Dex: 18    Spells: 2/2 levels left

rFire   . . .        Y - +0 shortbow
rCold   . . .        (shield currently unavailable)
rNeg    . . .        f - +0 ring mail
rPois   .            (no helmet)
rElec   .            (no cloak)
rCorr   .            (no gloves)
SInv    .            (no boots)
Will    .....        (no amulet)
Stlth   +            (no ring)
HPRegen 0.23/turn    (no ring)
MPRegen 0.09/turn

%: no passive effects
@: no status effects
A: no striking features
a: no special abilities


You were on level 2 of the Dungeon.
You visited 1 branch of the dungeon, and saw 2 of its levels.

You collected 82 gold pieces.


   Skills:
 - Level 1.5 Fighting
 + Level 7.0 Ranged Weapons
 - Level 2.4 Dodging
 - Level 1.2 Stealth


You had 2 spell levels left.
You didn't know any spells.
Your spell library was empty.

Inventory:

Hand Weapons
 Y - a +0 shortbow (weapon)
Armour
 b - a +0 cloak
 f - a +0 ring mail (worn)
Jewellery
 c - a ring of protection from fire
Scrolls
 a - a scroll of torment {unknown}
 e - a scroll of acquirement {unknown}
Potions
 d - a potion of resistance {unknown}

Dungeon Overview and Level Annotations

Branches:
Dungeon (2/15)

Altars:

Annotations:
D:2 Sigmund


Message History

You shoot an arrow. The arrow hits the dart slug.
The dart slug is almost dead.
You shoot an arrow. The arrow hits the dart slug.
The dart slug is almost dead.
Sigmund the Dreaded comes into view.
He is wielding a +0 scythe.
You shoot an arrow.
Sigmund shouts!
The arrow hits the dart slug.
You kill the dart slug!
You shoot an arrow. The arrow hits Sigmund!
Sigmund is moderately wounded.
Sigmund says, "Look into my eyes."
You shoot an arrow. The arrow closely misses Sigmund.
Sigmund casts a spell.
Sigmund flickers and vanishes!
Deactivating autopickup; reactivate with Ctrl-A.
You shoot an arrow. You shoot an arrow. You shoot an arrow.
Something completely misses you.
You shoot an arrow. Something barely misses you.
You shoot an arrow. Something hits you.
You shoot an arrow. Something hits you.
You shoot an arrow. You shoot an arrow. Something hits you but does no damage.
You shoot an arrow. Something hits you.
You shoot an arrow. Something hits you but does no damage.
You shoot an arrow. Something hits you!
Ouch! That really hurt!
You shoot an arrow. You shoot an arrow. Something hits you!
You die...

.. #.# #### #.#
###########.. #.#
#.........#.###.####
..###.#######.#.@<{..$%.
.%%..............#..####
..###..######.......#
.......# #..######
..###### #...# #.# #.#.#
#.# #.#.# #.# #.#.# #.#
#.#.#


There were no monsters in sight!

Vanquished Creatures
  2 adders (D:2)
  A dart slug (D:2)
  3 endoplasms (D:1)
  2 giant cockroaches
  2 goblins (D:1)
  3 hobgoblins
  4 jackals (D:1)
  4 bats
  2 frilled lizards
  A kobold (D:1)
  A rat (D:1)
25 creatures vanquished.

Notes
Turn   | Place    | Note
-------+----------+-------------------------------------------
     0 | D:1      | qw the Deep Elf Hunter began the quest for the Orb.
     0 | D:1      | Reached XP level 1. HP: 12/12 MP: 3/3
     0 | D:1      | 0 ||| qw: Version: 0.3-a-9-g12657ce
     0 | D:1      | 0 ||| qw: Game counter: 3196
     0 | D:1      | 0 ||| qw: Always use a shield: true
     0 | D:1      | 0 ||| qw: God list: Okawaru
     0 | D:1      | 0 ||| qw: Allow faded altars: false
     0 | D:1      | 0 ||| qw: Do Orc after D:15 true
     0 | D:1      | 0 ||| qw: Do second Lair branch before Depths: true
     0 | D:1      | 0 ||| qw: Lair rune preference: random
     0 | D:1      | 0 ||| qw: Plans: Normal
     0 | D:1      | 0 ||| PLANNING D:1-11
   140 | D:1      | Reached skill level 6 in Ranged Weapons
   140 | D:1      | Reached XP level 2. HP: 16/16 MP: 4/4
   783 | D:1      | 783 ||| UPGRADING to +0 ring mail.
   793 | D:1      | 793 ||| DROPPING +0 leather armour.
   794 | D:1      | 794 ||| READING scroll labelled UROSHR ZEXEZOC.
   795 | D:1      | 795 ||| DROPPING scroll of butterflies.
   824 | D:2      | Reached XP level 3. HP: 20/20 MP: 5/5
   864 | D:2      | Reached skill level 7 in Ranged Weapons
   887 | D:2      | Noticed Sigmund
   901 | D:2      | HP: 1/20 [something (10)]
   903 | D:2      | Mangled by Sigmund

Levels and vault maps discovered:
D:1:      lemuel_arrival_cross, layout_basic
D:2:      layout_loops_ring, uniq_natasha, uniq_sigmund

Skill      XL: |  1  2  3 |
---------------+----------+-----
Ranged Weapons | 6 7 |  7.0
Fighting       | |  1.5
Dodging        | |  2.4
Stealth        | |  1.2

Action                     || total
---------------------------++-------
   Fire: Shortbow          ||    84
    Use: Scroll            ||     1
 Armour: Leather armour    ||     3
         Ring mail         ||     9
  Dodge: Dodged            ||    11

Table legend:
 A = Non-vault XP
 B = Vault XP
 C = Vault XP percentage of total XP
 D = Non-vault monster count
 E = Vault monster count
 F = Vault count percentage of total count
                 A         B        C        D         E       F
            +---------+---------+-------+---------+---------+-------
      Total |      69 |       0 |   0.0 |      25 |       0 |   0.0
            +---------+---------+-------+---------+---------+-------
        D:1 |      32 |       0 |   0.0 |      18 |       0 |   0.0
        D:2 |      37 |       0 |   0.0 |       7 |       0 |   0.0
            +---------+---------+-------+---------+---------+-------
